 Dungeon Crawl Stone Soup version 0.25.1-2-g60ff931df9 (webtiles) character file.

Game seed: 4305609339372628704

19086 gruber the Carver (level 12, -8/90 HPs)
             Began as a Minotaur Fighter on Dec 2, 2020.
             Was a High Priest of Okawaru.
             Mangled by a frost giant
             ... wielding a +2 battleaxe of freezing
              (18 damage)
             ... in an ice cave.
             The game lasted 00:15:52 (12787 turns).

gruber the Carver (Minotaur Fighter)               Turns: 12787, Time: 00:15:52

Health: -8/90      AC: 18    Str: 33    XL:     12   Next: 33%
Magic:  0/11       EV: 13    Int:  5    God:    Okawaru [*****.]
Gold:   735        SH: 16    Dex:  9    Spells: 11/11 levels left

rFire    x . .     SeeInvis .   y - +8 falchion "Viplawes" {pain, rN+ MR+}
rCold    + . .     Gourm    .   c - +0 kite shield
rNeg     + . .     Faith    .   T - +2 scale mail {rPois}
rPois    +         Spirit   +   (helmet restricted)
rElec    .         Reflect  .   l - +0 cloak
rCorr    .         Harm     .   J - +2 pair of gloves
MR       +....                  (no boots)
Stlth    +.........             t - amulet of guardian spirit
HPRegen  0.25/turn              w - +6 ring of strength
MPRegen  0.12/turn              C - ring of ice

@: mighty, heroism
A: retaliatory headbutt, horns 2
a: Heroism, Finesse, Renounce Religion


You were in an ice cave.
You worshipped Okawaru.
Okawaru was extremely pleased with you.
You were not hungry.

You visited 2 branches of the dungeon, and saw 12 of its levels.
You also visited: Ice Cave.

You collected 797 gold pieces.
You spent 62 gold pieces at shops.

Inventory:

Hand Weapons
 m - a +0 hunting sling of freezing
 y - the +8 falchion "Viplawes" (weapon) {pain, rN+ MR+}
   (You found it on level 4 of the Dungeon)

   In the hands of one skilled in necromantic magic, it inflicts extra damage on
   living creatures.
   It protects you from negative energy.
   It affects your resistance to hostile enchantments.
 F - the +10 mace "Aset" {vorpal, MR+ Str-3 Int+4}
   (You found it on level 9 of the Dungeon)

   It inflicts extra damage upon your enemies.
   It affects your strength (-3).
   It affects your intelligence (+4).
   It affects your resistance to hostile enchantments.
 H - a +5 falchion of holy wrath
Missiles
 i - 83 sling bullets
 n - 305 stones (quivered)
Armour
 c - a +0 kite shield (worn)
 l - a +0 cloak (worn)
 J - a +2 pair of gloves (worn)
 O - a +2 chain mail of poison resistance
 T - a +2 scale mail of poison resistance (worn)
Jewellery
 h - an uncursed amulet of the acrobat
 t - an amulet of guardian spirit (around neck)
 w - a +6 ring of strength (left hand)
 x - an uncursed ring of magical power
 C - a ring of ice (right hand)
Wands
 N - a wand of digging (4)
 P - a wand of random effects (15)
 Q - a wand of polymorph (9)
 U - a wand of acid (9)
 W - a wand of clouds (5)
Scrolls
 a - a scroll of blinking {unknown}
 e - 12 scrolls of identify
 k - 5 scrolls of teleportation
 p - 2 scrolls of amnesia {unknown}
 q - 4 scrolls of remove curse
 u - a scroll of enchant weapon {unknown}
 z - a scroll of fear {unknown}
 A - 3 scrolls of random uselessness {unknown}
 E - 2 scrolls of magic mapping {unknown}
 I - a scroll of fog {unknown}
 L - 2 scrolls of vulnerability {unknown}
 M - a scroll of acquirement {unknown}
 V - a scroll of torment
Potions
 b - 2 potions of ambrosia {unknown}
 d - a potion of might
 g - 4 potions of lignification
 j - 3 potions of degeneration {unknown}
 o - 4 potions of curing {unknown}
 r - a potion of berserk rage {unknown}
 s - 3 potions of magic {unknown}
 v - a potion of cancellation {unknown}
 B - 4 potions of heal wounds {unknown}
 D - 2 potions of haste {unknown}
 G - a potion of mutation {unknown}
 K - 3 potions of stabbing {unknown}
 R - 2 potions of flight {unknown}
Comestibles
 f - 19 rations
 S - 10 chunks of flesh


   Skills:
 - Level 3.6(8.6) Fighting
 - Level 14.3(19.3) Long Blades
 - Level 5.9(10.9) Maces & Flails
 - Level 3.0(8.0) Slings
 - Level 12.0(17.0) Armour
 * Level 14.1(19.1) Shields


You had 11 spell levels left.
You didn't know any spells.
Your spell library contained the following spells:

 Spells                   Type           Power        Failure   Level  Hunger
 Magic Dart               Conj           #...         63%         1    ##.....
 Sting                    Tmut/Pois      #...         63%         1    ##.....
 Poisonous Vapours        Pois/Air       #.....       77%         2    ###....
 Searing Ray              Conj           #.....       77%         2    ###....
 Dazzling Flash           Conj/Hex       #.....       94%         3    ####...
 Ignite Poison            Fire/Tmut/Pois #.......     94%         3    ####...
 Mephitic Cloud           Conj/Pois/Air  #.......     94%         3    ####...
 Fulminant Prism          Conj/Hex       #.........   100%        4    #####..
 Iskenderun's Mystic Bla  Conj/Tloc      #.......     100%        4    #####..
 Olgreb's Toxic Radiance  Pois           #.......     100%        4    #####..


Dungeon Overview and Level Annotations

Branches:
Dungeon (11/15)            Temple (1/1) D:6            Lair (0/6) D:8
    Orc (0/2) D:10          IceCv (1/1)

Altars:
Ashenzari
Cheibriados
Dithmenos
Fedhas
Gozag
Hepliaklqana
Kikubaaqudgha
Makhleb
Nemelex Xobeh
Okawaru
Qazlal
Ru
Sif Muna
Trog
Uskayaw
Vehumet
Wu Jian
Xom
Yredelemnul
Zin
The Shining One

Shops:
D:10 *([

Annotations:
D:4 3 runed translucent doors, SamuraiZach's ghost, amateur TrMo
D:9 2 transporters
D:11 3 runed translucent doors, dscm's ghost, journeyman OpEE


Innate Abilities, Weirdness & Mutations

You reflexively headbutt those who attack you in melee.
You have a pair of horns on your head.


Message History

You headbutt the frost giant, but do no damage.
The frost giant is heavily wounded.
The frost giant hits you with a +2 battleaxe of freezing!!
The frost giant freezes you.
Unknown command.
You gain the combat prowess of a mighty hero.
Unknown command.
Unknown command.
You slash the frost giant! You headbutt the frost giant!
The frost giant is severely wounded.
The frost giant hits you with a +2 battleaxe of freezing!!!
* * * LOW HITPOINT WARNING * * *
The frost giant freezes you.
* * * LOW HITPOINT WARNING * * *
You completely miss the frost giant. You headbutt the frost giant.
The frost giant is severely wounded.
Unknown command.
You feel very mighty all of a sudden.
The frost giant hits you with a +2 battleaxe of freezing!!
You die...

#.. #.. ##.. ##.. #..#
≈###.#### ≈≈≈#...Y###
### ≈≈≈≈####..#####C###
≈≈≈≈≈≈####..##.#@.###
≈≈≈##.#.####..####..#
≈≈≈≈##..####### #..###
≈#≈ ###....### ##...##
######....#...###..⌠..#
..##.....####..###...##
##......## ##...†..##
######## ########


You could see a frost giant.

Vanquished Creatures
  2 two-headed ogres
  3 death yaks (IceCv)
  Pikel (D:7)
  A cyclops (D:11)
  An elephant (D:8)
  An ice statue (IceCv)
  A rime drake (D:11)
  A troll (D:10)
  13 polar bears
  A hippogriff (D:8)
  22 yaks
  Eustachio (D:4)
  A basilisk (D:8)
  Grum (D:9)
  3 black bears
  6 orc warriors
  4 sky beasts
  A slave (D:7)
  4 ice beasts
  A necrophage (D:10)
  3 phantoms
  7 ogres
  24 wolves
  4 centaurs
  A crocodile (D:8)
  2 big kobolds
  4 bullfrogs
  A water moccasin zombie (D:6)
  A wyvern zombie (D:10)
  A scorpion (D:8)
  5 killer bees (D:7)
  3 howler monkeys
  3 electric eels
  A centaur zombie (D:11)
  4 crimson imps
  A bullfrog zombie (D:6)
  2 jellies
  5 orc priests
  A gnoll shaman (D:7)
  14 orc wizards
  A centaur skeleton (D:6)
  11 hounds
  An iron imp (D:6)
  5 iguanas
  7 worker ants
  A killer bee zombie (D:6)
  2 hound zombies
  2 hound skeletons
  A howler monkey zombie (D:10)
  A worker ant zombie (D:6)
  11 gnolls
  2 howler monkey skeletons
  14 adders
  A shadow imp (D:11)
  A white imp (D:8)
  An adder skeleton (D:4)
  A worm (D:3)
  A dart slug (D:1)
  8 leopard geckos
  35 orcs
  2 ball pythons (D:2)
  7 bats
  8 giant cockroaches
  7 goblins
  10 hobgoblins
  11 jackals
  15 kobolds
  7 quokkas
  6 frilled lizards
  2 goblin zombies (D:6)
  2 hobgoblin zombies (D:6)
  A jackal zombie (D:6)
  A kobold skeleton (D:6)
  An orc skeleton (D:6)
  An orc zombie (D:6)
  12 rats
  A butterfly (D:9)
357 creatures vanquished.

Vanquished Creatures (others)
  3 yaks (IceCv)
  2 plants (D:11)
5 creatures vanquished.

Grand Total: 362 creatures vanquished

Notes
Turn   | Place    | Note
-------+----------+-------------------------------------------
     0 | D:1      | gruber the Minotaur Fighter began the quest for the Orb.
     0 | D:1      | Reached XP level 1. HP: 19/19 MP: 0/0
   142 | D:1      | Reached XP level 2. HP: 21/26 MP: 1/1
   789 | D:1      | Reached skill level 1 in Slings
   789 | D:1      | Reached XP level 3. HP: 31/31 MP: 2/2
  1071 | D:2      | Found a bloodstained altar of Trog.
  1198 | D:2      | Reached XP level 4. HP: 39/39 MP: 3/3
  1784 | D:2      | Found a faded altar of an unknown god.
  2238 | D:3      | Found an opulent altar of Gozag.
  2332 | D:3      | Reached skill level 5 in Maces & Flails
  2380 | D:3      | Reached XP level 5. HP: 31/45 MP: 2/4
  2636 | D:3      | Found an ancient bone altar of Kikubaaqudgha.
  2903 | D:4      | Got a dazzling falchion
  2904 | D:4      | Identified the +8 falchion "Viplawes" {pain, rN+ MR+} (You
                  | found it on level 4 of the Dungeon)
  2917 | D:4      | Reached skill level 1 in Long Blades
  2951 | D:4      | Reached XP level 6. HP: 51/51 MP: 5/5
  3007 | D:4      | Found a runed translucent gate.
  3007 | D:4      | Found a runed translucent gate.
  3008 | D:4      | Found a runed translucent gate.
  3010 | D:4      | Noticed SamuraiZach's ghost (amateur TrMo)
  3294 | D:4      | Reached skill level 5 in Long Blades
  3300 | D:4      | Reached XP level 7. HP: 39/57 MP: 3/6
  3410 | D:4      | Found a stormy altar of Qazlal.
  3862 | D:4      | Noticed Eustachio
  3883 | D:4      | Killed Eustachio
  3970 | D:4      | Reached XP level 8. HP: 64/64 MP: 7/7
  4011 | D:5      | Entered Level 5 of the Dungeon
  4182 | D:5      | Found a sparkling altar of Nemelex Xobeh.
  4406 | D:5      | Reached skill level 10 in Long Blades
  4409 | D:5      | Got a crystal rapier
  4410 | D:5      | Identified the cursed +1 rapier of Okawaru's Hatred
                  | {vorpal, Dex+7 Stlth+} (You found it on level 5 of the
                  | Dungeon)
  4672 | D:6      | Found a glowing golden altar of the Shining One.
  4741 | D:6      | Found a staircase to the Ecumenical Temple.
  4986 | Temple   | Entered the Ecumenical Temple
  5039 | Temple   | Became a worshipper of Warmaster Okawaru
  5112 | D:6      | Found a hazy altar of Hepliaklqana.
  5181 | D:6      | Reached XP level 9. HP: 58/70 MP: 6/8
  5634 | D:6      | Found a shattered altar of Ashenzari.
  5887 | D:7      | Found a sparkling altar of Nemelex Xobeh.
  6028 | D:7      | Reached * piety under Okawaru
  6209 | D:7      | Noticed Pikel
  6249 | D:7      | Killed Pikel
  6816 | D:7      | Reached ** piety under Okawaru
  6816 | D:7      | Reached skill level 5 in Armour
  7061 | D:7      | Reached XP level 10. HP: 54/77 MP: 6/9
  7564 | D:8      | Found a radiant altar of Vehumet.
  7715 | D:8      | Found a staircase to the Lair.
  7715 | D:8      | Noticed an elephant
  7726 | D:8      | Killed an elephant
  7742 | D:8      | Reached *** piety under Okawaru
  8094 | D:8      | Reached skill level 10 in Armour
  9093 | D:8      | Found Zin's Purification Station.
  9093 | D:8      | Found a glowing silver altar of Zin.
  9314 | D:9      | Found an ornate altar of the Wu Jian Council.
  9321 | D:9      | Noticed a centaur warrior
  9329 | D:9      | Found a transporter.
  9346 | D:9      | Noticed Grum
  9369 | D:9      | Killed Grum
  9369 | D:9      | Reached **** piety under Okawaru
  9586 | D:9      | Found a shimmering altar of Xom.
  9614 | D:9      | Got an encrusted mace
  9615 | D:9      | Identified the +10 mace "Aset" {vorpal, MR+ Str-3 Int+4}
                  | (You found it on level 9 of the Dungeon)
  9648 | D:9      | Found a transporter.
 10136 | D:10     | Entered Level 10 of the Dungeon
 10398 | D:10     | Found Ataehini's Weapon Boutique.
 10398 | D:10     | Found a staircase to the Orcish Mines.
 10412 | D:10     | Noticed a two-headed ogre
 10431 | D:10     | Killed a two-headed ogre
 10431 | D:10     | Reached skill level 5 in Shields
 10431 | D:10     | Reached XP level 11. HP: 60/82 MP: 10/10
 10538 | D:10     | Found Wuevim's Armour Boutique.
 10704 | D:10     | Reached ***** piety under Okawaru
 10706 | D:10     | Found Aniforgh's Assorted Antiques.
 10712 | D:10     | Bought a scroll of identify for 62 gold pieces
 10712 | D:10     | Found a glowing silver altar of Zin.
 10942 | D:11     | Noticed a two-headed ogre
 10959 | D:11     | Killed a two-headed ogre
 11081 | D:11     | Found a runed translucent gate.
 11081 | D:11     | Found a runed translucent gate.
 11083 | D:11     | Found a runed translucent gate.
 11084 | D:11     | Noticed dscm's ghost (journeyman OpEE)
 11084 | D:11     | Noticed an 11-headed hydra
 11085 | D:11     | Noticed a 12-headed hydra
 11319 | D:11     | Found a frozen archway.
 11326 | D:11     | Received a gift from Okawaru
 11357 | D:11     | Reached skill level 10 in Shields
 11390 | IceCv    | Entered an ice cave
 12135 | IceCv    | Received a gift from Okawaru
 12160 | IceCv    | Got an ichor-stained lajatang {god gift}
 12161 | IceCv    | Identified the +2 lajatang "Mukuc" {pain, Str+2 Int+4}
                  | (Okawaru gifted it to you in an ice cave)
 12238 | IceCv    | Reached XP level 12. HP: 65/90 MP: 8/11
 12570 | IceCv    | Noticed a death yak
 12596 | IceCv    | Killed a death yak
 12605 | IceCv    | Noticed a death yak
 12614 | IceCv    | Killed a death yak
 12751 | IceCv    | Noticed a death yak
 12751 | IceCv    | Noticed a frost giant
 12751 | IceCv    | Noticed a death yak
 12778 | IceCv    | Killed a death yak
 12787 | IceCv    | Mangled by a frost giant

Illustrated notes

Levels and vault maps discovered:
D:1:      psy_arrival_statuary, layout_loops_ring
D:2:      layout_loops_corners, bloody_trog, chequers_ecumenical_altar_grove,
          first_ration
D:3:      minmay_skewed_foursquare, layout_loops_ring,
          kiku_gazebo_garden_becter, chequers_serial_rivers_micro_a,
          st_stairs_9, grunt_gozag_breadcrumbs
D:4:      layout_basic, nicolae_qazlal_eye_of_the_storm,
          ebering_ghost_rock_garden, uniq_eustachio
D:5:      layout_cave_pools, serial_glass, glass_columns_a, glass_columns_a,
          item_on_display_a, due_unseen_surprise, feat_on_display,
          nemelex_xobeh_ov_fountains_minmay
D:6:      layout_basic, nicolae_tso_besieged_by_evil, ashenzari_altar_1,
          minmay_temple_entry_drinking_statues, basic_altar
D:7:      kennysheep_housing_project, layout_gridville, basic_altar,
          minmay_misc_feat_plants, uniq_pikel
D:8:      layout_loops_ring, kennysheep_little_box, zin_purify,
          david_lair_generic, serial_ice, serial_ice_i, serial_ice_m,
          serial_ice_h, serial_ice_d
D:9:      layout_stronghold, gammafunk_temple_overflow_arena, xom_butterflies,
          uniq_grum
D:10:     minmay_weird_star, layout_rooms, orc_david_3, serial_shops,
          nicolae_shop_temple_entry_statues_fountains, basic_altar
D:11:     layout_loops_ring, portal_ice_cave_entry_animals_and_master,
          gammafunk_ghost_hydra_chop, blue_anna_alchemist
          [blue_anna_fruit_fields, blue_anna_fruit_fields], minivault_22,
          chequers_serial_rivers_micro_e, nicolae_lava_and_water,
          minmay_diamond_spiral, uniq_erica
Temple:   nicolae_temple_hex_pool
IceCv:    ice_cave_caverns_02

Skill      XL: |  1  2  3  4  5  6  7  8  9 10 11 12 |
---------------+-------------------------------------+-----
Maces & Flails | 3 4 5 |  5.9
Slings         | 1 2 3 |  3.0
Long Blades    | 3 5 8 12 14 | 14.3
Armour         | 5 12 | 12.0
Shields        | 5 12 14 | 14.1
Fighting       | |  3.6

Action                   |  1- 3 |  4- 6 |  7- 9 | 10-12 || total
-------------------------+-------+-------+-------+-------++-------
Melee: Flail             |    76 |    37 |       |       ||   113
       Headbutt          |     6 |     9 |    48 |   167 ||   230
       Falchion          |       |    47 |   283 |   627 ||   957
 Fire: Hunting sling     |    71 |    72 |    11 |       ||   154
Invok: Heroism           |       |       |     2 |     5 ||     7
  Use: Scroll            |       |     1 |     2 |     5 ||     8
       Potion            |       |       |       |     1 ||     1
  Eat: Chunk             |     1 |     7 |     8 |    19 ||    35
       Ration            |       |       |     1 |       ||     1
Armor: Scale mail        |    61 |    50 |    60 |    87 ||   258
       Chain mail        |       |       |       |   112 ||   112
Dodge: Dodged            |    38 |    24 |    67 |   126 ||   255
Block: Kite shield       |    79 |    56 |   107 |   280 ||   522
       Rpst.: Falchion   |       |       |    14 |    23 ||    37
